[Event "SixDays Budapest GM-C 10-2024"]
[Site "Budapest"]
[Date "2024.10.02"]
[Round "5.1"]
[White "Mamatov, Melis"]
[Black "Pap, Gyula"]
[Result "1/2-1/2"]
[ECO "C42"]
[WhiteElo "2362"]
[BlackElo "2476"]
[Annotator "TA"]
[PlyCount "22"]
[EventDate "2024.09.24"]
[EventType "tourn"]
[EventCountry "HUN"]
[SourceTitle "playchess.com"]
[Source "ChessBase"]
[SourceQuality "1"]
[TimeControl "5400+30"]

1. e4 e5 2. Nf3 Nf6 3. Nxe5 d6 4. Nf3 Nxe4 5. Nc3 Nf6 6. d4 Be7 7. Bd3 O-O 8. O-O Bg4 9. h3 Bh5 10. Ne4 Nxe4 11. Bxe4 d5 {[%emt 0:00:09] Black took control after the opening.   Weighted Error Value: White=0.10 (very precise) /Black=0.01 (flawless) .  OK:         	White=1     	Black=3} 1/2-1/2

[Event "SixDays Budapest GM-C 10-2024"]
[Site "Budapest"]
[Date "2024.10.02"]
[Round "5.2"]
[White "Susilodinata, Andrean"]
[Black "Chen, Yining"]
[Result "1/2-1/2"]
[ECO "B13"]
[WhiteElo "2393"]
[BlackElo "2252"]
[Annotator "TA"]
[PlyCount "79"]
[EventDate "2024.09.24"]
[EventType "tourn"]
[EventCountry "HUN"]
[SourceTitle "playchess.com"]
[Source "ChessBase"]
[SourceQuality "1"]
[TimeControl "5400+30"]

1. e4 c6 2. d4 d5 3. exd5 cxd5 4. Nf3 Nf6 5. Ne5 a6 6. Bd3 Nc6 7. c3 e6 (7... Qc7 $11) 8. O-O $14 {[%emt 0:00:11] White is slightly better.} Bd6 9. Qe2 Ne7 10. Nd2 b5 11. Ndf3 h6 12. b4 O-O 13. a4 bxa4 14. Rxa4 Bb7 15. Nd2 (15. Bxa6 Ne4 16. Bb2 Qc7 $11) (15. Bb2 $14) 15... Qc7 $11 16. Bb2 Nd7 (16... a5 $11) 17. f4 $14 f6 {[%emt 0:14:55] [#]} 18. Ng6 {[%emt 0:10:09] White is much more active.} ({Better is} 18. Nxd7 $1 $16 Qxd7 19. Raa1) 18... Nxg6 $15 19. Qxe6+ Kh8 $1 (19... Kh7 $6 20. Qf5 Kh8 21. g3 $16 (21. Qxg6 f5 $16)) 20. Bxg6 Bxf4 (20... f5 $15 21. Qe3 (21. Bxf5 $2 Bc6 $17) 21... Bc6) 21. Nf3 $11 Nb6 22. Raa1 Bc8 23. Qe2 Bd7 24. Rxa6 Rxa6 25. Qxa6 $40 {[%emt 0:00:03][%mdl 128] White has some attack.} Nc4 (25... Na4 $11 26. Bc1 Nxc3 27. Bxf4 Qxf4) 26. Bc1 $14 Bxc1 (26... Ne3 27. Re1 Qxc3 28. Bd2 Bxh2+ 29. Kh1 $18 (29. Kxh2 Qc7+ 30. Kg1 Nc4 $18)) 27. Rxc1 Qf4 28. Rf1 (28. Re1 $16) 28... Qg4 ({Black should try} 28... Qe3+ $11 29. Kh1 Qxc3) 29. Bd3 Ne3 30. Rf2 Re8 {[%emt 0:01:41][%cal Oe3g2] [#]} ({Avoid the trap} 30... Nxg2 $2 31. Ne5 Qd1+ 32. Kxg2 $18) 31. Qd6 $1 Bf5 32. h3 Qh5 33. Bxf5 (33. Bb5 $16 Rc8 34. Re2 Rxc3 35. Qf4 Nxg2 36. Kxg2) 33... Qxf5 $11 {[%emt 0:00:09] The position is equal.} 34. Kh2 Qd3 35. Qc6 Rb8 36. Ra2 Nf1+ 37. Kg1 Ne3 {[%emt 0:00:16] ...Qb1+ would now be deadly.} 38. Kh2 Nf1+ 39. Kg1 Ne3 {[%emt 0:00:06] ...Qb1+ is the strong threat.} 40. Kh2 {[%emt 0:01:19] Weighted Error Value: White=0.19 (very precise) /Black=0.16 (very precise) .  Mistake:       	White=4     	Black=5      Inaccurate:     	White=3     	Black=3      OK:         	White=13    	Black=11     Best:        	White=3     	Black=1      Strong:       	White=1     	Black=1} 1/2-1/2

[Event "SixDays Budapest GM-C 10-2024"]
[Site "Budapest"]
[Date "2024.10.02"]
[Round "5.3"]
[White "Laddha, Shubh Jayesh"]
[Black "Kotronias, Vasilios"]
[Result "0-1"]
[ECO "A45"]
[WhiteElo "2308"]
[BlackElo "2458"]
[Annotator "TA"]
[PlyCount "116"]
[EventDate "2024.09.24"]
[EventType "tourn"]
[EventCountry "HUN"]
[SourceTitle "playchess.com"]
[Source "ChessBase"]
[SourceQuality "1"]
[TimeControl "5400+30"]

1. d4 Nf6 2. Nc3 d5 3. Bf4 g6 4. e3 Bg7 5. h4 h5 6. Nf3 O-O 7. Qd2 c5 8. Ne5 Nc6 9. f3 Nd7 10. Nxd5 Ndxe5 11. dxe5 Be6 12. e4 Qb8 13. O-O-O Bxe5 14. Bg5 Rd8 15. f4 Bg7 16. Bc4 Kh7 17. g4 Bxg4 18. Be2 Bxe2 19. Qxe2 Nd4 20. Rxd4 cxd4 21. f5 Qe5 22. Bf4 Bh6 23. Bxh6 Kxh6 24. Rg1 Rxd5 25. Qd2+ Kh7 26. exd5 Qxd5 27. fxg6+ fxg6 28. Re1 (28. Qd3 $142 Rg8) 28... e5 $19 (28... Qxa2 $2 29. Rxe7+ Kg8 30. Qxd4 $18) 29. Qg5 Re8 $1 (29... Qxa2 30. Qe7+ Kh6 31. Rxe5 Qa1+ 32. Kd2 $11) 30. Kb1 Qe6 31. a3 Qg4 32. Qf6 Qe6 $2 ({Better is} 32... Qf5 $19 33. Qd6 Qe6) 33. Qf2 $2 (33. Qg5 $1 $11 Qe7 34. Qxe7+ Rxe7 35. c3 dxc3 36. bxc3) 33... Kg7 $19 34. Qd2 Qf6 35. Re4 Qf1+ 36. Ka2 Qc4+ 37. b3 Qd5 38. Qe2 Re6 39. Kb2 b5 40. Ka2 a5 41. Kb2 a4 42. b4 Qc4 43. Qd2 Qd5 44. Qe2 Kf6 45. Qg2 Ke7 46. Qg5+ Kd7 (46... Kf7 $142 47. Re1 d3) 47. Rf4 $19 d3 48. Rf7+ $2 (48. Rf8 Kc7 49. Qe3 Qd4+ 50. Qxd4 exd4 51. cxd3) 48... Kc6 $19 49. Qd2 (49. Qe3 $142 Rd6 50. Qa7 Qd4+ 51. Qxd4 Rxd4 52. cxd3 Rxd3 53. Rf6+ Rd6 54. Rf7) 49... Qd4+ 50. Kb1 e4 (50... Qxh4 51. Qxd3 Qd4 52. Qh3 Qd1+ 53. Kb2 Qd4+ 54. Kb1 $11) 51. c3 Qd5 (51... e3 $142 52. Qg2+ Qe4 53. Qg5 d2+ (53... Qd5 54. Rc7+ Kxc7 55. Qxd5 $11) 54. Kb2 Qc4 (54... d1=R 55. Qc5#) (54... d1=N+ $2 55. Kc1 $19) (54... Qd5 55. Rc7+ Kxc7 56. Qxd5 $11) 55. Qg2+ Kd6 (55... Qd5 56. Rc7+ Kxc7 57. Qxd5 $11) 56. Qg3+ Re5 (56... Kd5 57. Rd7+ Ke4 58. Qg2+ Ke5 59. Qg5+ Ke4 60. Qg2+ Ke5 61. Qg5+ Ke4 62. Qg2+ $11) 57. Qxg6+ Qe6 58. Rf6 d1=Q (58... d1=N+ $2 59. Kb1 $19) 59. Rxe6+ Rxe6 60. Qg5 Qb3+ 61. Ka1 Qxc3+ (61... Qxa3+ 62. Kb1 Qb3+ 63. Ka1 Qxc3+ 64. Ka2 Qc4+ 65. Kb2 Qxb4+ 66. Ka2 Qc4+ 67. Ka1 a3 68. Qg7 e2 69. Qf8+ Kc7 70. Qg7+ Kb6 71. Qg1+ Ka6 72. Qe1 Qd4+ 73. Qc3 Qxc3+ 74. Kb1 Qb2#) 62. Kb1 Qb3+ (62... Qxa3 63. Qc5+ Kd7 64. Qxb5+ Rc6 65. Qd5+ Rd6 66. Qf5+ Re6 67. Qd5+ Ke7 68. Qg5+ Kf8 69. Qf5+ Kg7 70. Qg5+ Rg6 71. Qe5+ Rf6 72. Qg5+ Kh7 73. Qxh5+ Kg8 74. Qg5+ Kf7 75. Qd5+ Re6 76. Qh5+ Rg6 77. Qf5+ Rf6 78. Qd5+ Kg6 79. Qg5+ Kh7 80. Qh5+ Kg7 81. Qg5+ Kf7 82. Qd5+ $11) 63. Ka1 Qxa3+ 64. Kb1 Qxb4+ 65. Ka2 Qc4+ 66. Kb2 a3+ 67. Kxa3 Qc5+ 68. Kb3 Qxg5 69. hxg5 e2 70. Kc2 e1=Q (70... e1=R 71. g6 R1e2+ 72. Kd1 Rh2 73. g7 Rg6 74. g8=Q Rxg8 75. Ke1 Rg1#) 71. g6 Re3 (71... Rxg6 72. Kd3 Rg3+ 73. Kc2 Qf2+ 74. Kd1 Rg1#) 72. g7 Qf2+ 73. Kd1 Re1#) 52. c4 $19 Qxc4 53. Qf4 Qb3+ 54. Ka1 Qxa3+ 55. Kb1 Qxb4+ 56. Ka1 Rd6 57. Qc1+ Qc4 58. Qd2 Qxf7 0-1

[Event "SixDays Budapest GM-C 10-2024"]
[Site "Budapest"]
[Date "2024.10.02"]
[Round "5.4"]
[White "Srihari L R"]
[Black "Pacher, Milan"]
[Result "1-0"]
[ECO "A06"]
[WhiteElo "2503"]
[BlackElo "2343"]
[Annotator "TA"]
[PlyCount "87"]
[EventDate "2024.09.24"]
[EventType "tourn"]
[EventCountry "HUN"]
[SourceTitle "playchess.com"]
[Source "ChessBase"]
[SourceQuality "1"]
[TimeControl "5400+30"]

1. Nf3 d5 2. g3 g6 3. c4 dxc4 4. Na3 Bg7 5. Nxc4 b5 6. Ne3 Bb7 7. Bg2 Nd7 8. Qb3 {[%emt 0:00:59] White is slightly better.} Rb8 9. a4 (9. Qxb5 $2 Bxf3 10. Qa5 Bxg2 (10... Bxb2 11. Bxb2 Bxg2 12. Qc3 $15) 11. Nxg2 Bxb2 12. Bxb2 Rxb2 $19) 9... bxa4 10. Qxa4 Ngf6 11. Ne5 (11. Qxa7 Ra8 12. Qxb7 Rxa1 $15) 11... O-O 12. Nc6 {[%emt 0:01:22] White has more active pieces.} Bxc6 13. Qxc6 Rb6 14. Qc2 Qb8 15. O-O e6 (15... Rb5 $14) 16. Nc4 Rb5 17. d4 Nd5 18. e4 Nb4 19. Qd1 (19. Qa4 $1 $16) 19... Rd8 $1 $11 20. Be3 c5 (20... Ne5 $5 21. Nxe5 Bxe5 $11) 21. d5 {[%emt 0:17:40] dxe6 is the strong threat.} Nb6 {[%emt 0:06:13] [#]} (21... Ne5 $11 {keeps the balance.} 22. Qe2 exd5 23. exd5 Nbd3) 22. Bf4 (22. Qe2 $142 $1 {Strongly threatening Bf4.} Nxc4 (22... exd5 $2 23. Bf4 $18) 23. Qxc4 exd5 24. exd5) 22... e5 $16 23. Na3 {[%emt 0:00:54] aiming for Bg5.} Ra5 (23... exf4 $16 {might work better.} 24. Nxb5 N6xd5 25. exd5 (25. Nxa7 $2 Ne3 $19) 25... Qxb5) 24. Be3 Bf8 25. Qe2 Qb7 26. f4 ({White should play} 26. Rfc1 $18) 26... exf4 27. Bxf4 (27. gxf4 $6 Qa6 28. Qxa6 Rxa6 $11) 27... c4 28. Nxc4 Nxc4 29. Qxc4 Rxa1 30. Rxa1 Rc8 31. Qb3 Qb6+ 32. Kh1 {[%emt 0:00:47] Threatens to win with e5.} Qf2 (32... Rc2 $142 33. Rd1 Qf2) 33. Rf1 Qe2 34. d6 Nd3 {[%emt 0:05:02][%cal Od3e1] [#]} 35. Be3 $1 $40 {[%emt 0:00:55][%mdl 128] White goes for the king.} Rc4 $2 (35... Qxe3 $2 36. Qxf7+ (36. Rxf7 $2 Nf2+ 37. Rxf2+ Qxb3 $19) 36... Kh8 37. d7 $18) (35... Ne5 36. d7 (36. Bxa7 Rc2 $15) 36... Rd8) 36. d7 $18 (36. Qxc4 Nf2+ 37. Bxf2 Qxc4 $14) (36. Bxa7 Bxd6 $14) 36... Be7 37. Qb8+ {[%emt 0:03:35] White mates.} (37. Qxc4 Nf2+ 38. Bxf2 Qxc4 $16) 37... Kg7 {[%emt 0:00:02][%cal Bg8g7,Bg7f7,Bf7e6,Be6f6][%mdl 32] [#]} 38. Rxf7+ $3 Kxf7 39. Qe8+ Ke6 40. Bh3+ {[%emt 0:00:12] This pair of bishops is nice.} (40. d8=R $2 Qe1+ (40... Qxe3 41. Qg8+ Kf6 42. Rf8+ Kg5 43. Rf5+ Kh6 44. Rh5+ gxh5 45. Qe6+ Kg7 46. Qxe7+ Kg6 47. Qe6+ Kg7 48. Qd7+ Kf8 49. Qd8+ Kf7 50. Qd7+ Kf8 51. Qd8+ Kf7 52. Qd7+ Kf6 53. Qd6+ Kf7 54. Qd7+ $11) (40... Qxe3 41. Qg8+ Kf6 42. Rf8+ Kg5 43. Rf5+ Kh6 44. Rh5+ gxh5 45. Qe6+ Kg7 46. Qxe7+ Kg8 47. Qe8+ Kg7 48. Qe7+ Kg8 49. Qe8+ Kg7 50. Qe7+ $11)) 40... Kf6 41. Qh8+ (41. d8=R {gets mated.} Qf3+ (41... Qxe3 {is a self mate.} 42. e5+ Nxe5 43. Qh8+ Kg5 44. Qxe5+ Qxe5 45. Rd1 Rc2 46. Bg2 Rxg2 47. Kxg2 Qe2+ 48. Kh3 Qxd1 49. Kg2 Qe2+ 50. Kg1 Bc5+ 51. Kh1 Qf3#) 42. Kg1 Rc1+ (42... Qxe3+ {leads to mate.} 43. Kh1 Qf3+ 44. Kg1 Bc5+ 45. Rd4 Bxd4#) 43. Bxc1 Bc5+) 41... Kf7 42. Qxh7+ Kf6 {[%emt 0:00:16] [#]} 43. Bg5+ $1 Kxg5 (43... Ke5 44. Qxe7+) 44. Qh4# {[%emt 0:00:03] Weighted Error Value: White=0.12 (very precise) /Black=0.29 (precise) .  Mistake:       	White=3     	Black=5      Inaccurate:     	---       	Black=3      OK:         	White=8     	Black=12     Best:        	White=5     	Black=1      Strong:       	---       	Black=1} 1-0

[Event "SixDays Budapest GM-C 10-2024"]
[Site "Budapest"]
[Date "2024.10.02"]
[Round "5.5"]
[White "Borgaonkar Akshay"]
[Black "Mohammad Fahad, Rahman"]
[Result "1/2-1/2"]
[ECO "B34"]
[WhiteElo "2415"]
[BlackElo "2419"]
[Annotator "TA"]
[PlyCount "56"]
[EventDate "2024.09.24"]
[EventType "tourn"]
[EventCountry "HUN"]
[SourceTitle "playchess.com"]
[Source "ChessBase"]
[SourceQuality "1"]
[TimeControl "5400+30"]

1. e4 c5 2. Nf3 Nc6 3. d4 cxd4 4. Nxd4 Nf6 5. Nc3 e5 6. Ndb5 d6 7. Nd5 Nxd5 8. exd5 Nb8 9. a4 Be7 10. Be2 O-O 11. Bd2 Nd7 12. a5 f5 13. O-O {[%emt 0:00:59] The position is equal.} a6 14. Na3 e4 15. Nc4 f4 16. f3 e3 17. Bb4 Rf6 18. Qd4 Qe8 19. Qe4 {[%emt 0:04:09][%cal Ob4d6] [#] aiming for Bxd6!} Qf7 20. Bd3 Nf8 21. Rae1 (21. g4 $1 $11) 21... Bf5 $17 22. Qd4 Rd8 23. Re2 Bd7 (23... Bxd3 $17 24. Qxd3 Rh6) 24. Nb6 $36 {[%emt 0:01:10][%mdl 2048] White has good play.} Be8 25. Qe4 Rh6 26. Qf5 Rf6 27. Qe4 Rh6 28. Qf5 Rf6 {[%emt 0:00:41] Weighted Error Value: White=0.14 (very precise) /Black=0.17 (very precise) .  Mistake:       	White=1     	Black=1      Inaccurate:     	White=3     	Black=2      OK:         	White=8     	Black=7      Best:        	White=1     	Black=1} 1/2-1/2